 Dungeon Crawl Stone Soup version 0.25.1-8-g42b30a86e7 (webtiles) character file.

Game seed: 4790659079115509752

29 gruber the Chiller (level 3, 7/24 HPs)
             Began as a Demonspawn Ice Elementalist on Dec 21, 2020.
             Quit the game on level 2 of the Dungeon.
             The game lasted 00:00:55 (1456 turns).

gruber the Chiller (Demonspawn Ice Elementalist)    Turns: 1456, Time: 00:00:56

Health: 7/24       AC:  2    Str:  8    XL:     3   Next: 1%
Magic:  6/6        EV: 12    Int: 17    God:
Gold:   93         SH:  0    Dex: 13    Spells: 5/6 levels left

rFire    . . .     SeeInvis .   e - +0 hunting sling (curse)
rCold    . . .     Gourm    .   (no shield)
rNeg     . . .     Faith    .   a - +0 robe
rPois    .         Spirit   .   (no helmet)
rElec    .         Reflect  .   (no cloak)
rCorr    .         Harm     .   (no gloves)
MR       .....                  (no boots)
Stlth    ++........             (no amulet)
HPRegen  0.08/turn              (no ring)
MPRegen  0.10/turn              (no ring)

@: no status effects
A: claws 1, talons 1
a: no special abilities


You were on level 2 of the Dungeon.
You were not hungry.

You visited 1 branch of the dungeon, and saw 2 of its levels.

You collected 93 gold pieces.

Inventory:

Hand Weapons
 e - a cursed +0 hunting sling (weapon)
 l - a +0 long sword
Missiles
 h - 55 stones (quivered)
Armour
 a - a +0 robe (worn)
Scrolls
 d - a scroll of immolation {unknown}
 g - 3 scrolls of identify {unknown}
 j - a scroll of enchant armour {unknown}
 k - a scroll of remove curse {unknown}
Potions
 b - a potion of curing {unknown}
 f - a potion of haste {unknown}
Comestibles
 c - 3 rations
 i - a chunk of flesh


   Skills:
 - Level 1.7 Dodging
 - Level 1.7 Stealth
 + Level 2.1 Spellcasting
 * Level 4.4 Ice Magic


You had 5 spell levels left.
You knew the following spells:

 Your Spells              Type           Power        Failure   Level  Hunger
a - Freeze                Ice            ###.         3%          1    #......

Your spell library contained the following spells:

 Spells                   Type           Power        Failure   Level  Hunger
 Frozen Ramparts          Ice            ###...       9%          3    ###....
 Ozocubu's Armour         Chrm/Ice       #.......     22%         3    ###....
 Hailstorm                Conj/Ice       #.......     58%         4    #####..
 Summon Ice Beast         Ice/Summ       #.......     58%         4    #####..


Dungeon Overview and Level Annotations

Branches:
Dungeon (2/15)

Altars:
Ashenzari


Innate Abilities, Weirdness & Mutations

You have sharp fingernails.
You have sharp toenails.


Message History

The quokka is heavily wounded.
The goblin barely misses you. The quokka bites you.
The giant cockroach barely misses you.
Unknown command.
Firing (i - inventory)
h - 56 stones (quivered)
Press: ? - help, Shift-Dir - straight line, f/p - quokka
Aim: a quokka (heavily wounded)
You shoot a stone. The stone misses the quokka.
The goblin misses you. The quokka closely misses you.
The giant cockroach barely misses you. The goblin hits you with a +0 dagger.
Unknown command.
The quokka barely misses you. The giant cockroach bites you.
The giant cockroach bites you but does no damage.
The quokka bites you. The quokka closely misses you.
The giant cockroach closely misses you.
The quokka twitches its whiskers.
The quokka bites you.
* * * LOW HITPOINT WARNING * * *
Are you sure you want to abandon this character and quit the game? (Confirm with "yes".)

.##............#
..(.........#.#
#............ #
#(.........# .#
#.(....†...#...
#.....(......#
#............##
######......(......#
.####...@rs......(.##.$.
.........#g#.....#.# .
.......#.#.#######(#
........_..# (.
.......#.#.# ?†
.........#.###### ..#
>......<.÷........ .(
##....####.####### #....
#.#


You could see a quokka, a giant cockroach and a goblin.

Vanquished Creatures
  An ooze (D:1)
  A dart slug (D:1)
  A giant cockroach (D:1)
  2 goblins (D:1)
  7 hobgoblins
  A ball python (D:1)
  2 bats
  A kobold (D:1)
  A leopard gecko skeleton (D:2)
  5 rats
22 creatures vanquished.

Notes
Turn   | Place    | Note
-------+----------+-------------------------------------------
     0 | D:1      | gruber the Demonspawn Ice Elementalist began the quest for
                  | the Orb.
     0 | D:1      | Reached XP level 1. HP: 13/13 MP: 3/3
   153 | D:1      | Reached skill level 4 in Ice Magic
   368 | D:1      | Gained mutation: You have sharp toenails. [demonic
                  | ancestry]
   368 | D:1      | Reached XP level 2. HP: 18/19 MP: 3/5
  1411 | D:2      | Found a shattered altar of Ashenzari.
  1443 | D:2      | Gained mutation: You have sharp fingernails. [demonic
                  | ancestry]
  1443 | D:2      | Reached XP level 3. HP: 24/24 MP: 6/6
  1456 | D:2      | Quit the game

Illustrated notes

Levels and vault maps discovered:
D:1:      onia_arrival_handbag, layout_basic, minmay_tree_intersection
D:2:      layout_rooms, old_standard_altar, nicolae_overflow_crystal_walls,
          lemuel_crystal_altar, uniq_crazy_yiuf_cottage

Skill      XL: |  1 |
---------------+----+-----
Ice Magic      | 4 |  4.4
Dodging        | |  1.7
Stealth        | |  1.7
Spellcasting   | |  2.1

Action                   || total
-------------------------++-------
Melee: Unarmed           ||    22
       Kick              ||     3
 Fire: Hunting sling     ||    41
 Cast: Freeze            ||     9
 Stab: Sleeping          ||     3
  Eat: Chunk             ||     2
Armor: Robe              ||     7
Dodge: Dodged            ||    32
